 Dungeon Crawl Stone Soup version 0.25-a0-424-g80bd347ae0 (webtiles) character file.

Game seed: 15698850345463828551, levelgen mode: deterministic

44 kae the Gusty (level 3, 0/26 HPs)
             Began as a Draconian Air Elementalist on Jan 22, 2020.
             Slain by a jackal (2 damage)
             ... on level 2 of the Dungeon.
             The game lasted 00:01:14 (1036 turns).

kae the Gusty (Draconian Air Elementalist)          Turns: 1036, Time: 00:01:15

Health: 0/26       AC:  5    Str: 10    XL:     3   Next: 39%
Magic:  2/6        EV: 12    Int: 16    God:
Gold:   36         SH:  0    Dex: 11    Spells: 5/6 levels left

rFire    . . .     SeeInvis .   a - +1 dagger
rCold    . . .     Gourm    .   (no shield)
rNeg     . . .     Faith    .   (armour unavailable)
rPois    .         Spirit   .   (helmet restricted)
rElec    .         Reflect  .   (no cloak)
rCorr    .         Harm     .   (no gloves)
MR       .....                  (no boots)
Stlth    ++........             (no amulet)
HPRegen  0.08/turn              (no ring)
MPRegen  0.10/turn              (no ring)

@: no status effects
A: unfitting armour, cold-blooded, AC +5
a: no special abilities


You were on level 2 of the Dungeon.
You were very hungry.

You visited 1 branch of the dungeon, and saw 2 of its levels.

You collected 36 gold pieces.

Inventory:

Hand Weapons
 a - a +1 dagger (weapon)
Scrolls
 c - 2 scrolls of enchant weapon
 d - a scroll of immolation {unknown}
 e - a scroll of noise {unknown}
 g - a scroll of remove curse {unknown}
 h - a scroll of teleportation {unknown}
 i - a scroll of amnesia {unknown}
Comestibles
 b - 3 rations


   Skills:
 - Level 1.7 Dodging
 - Level 1.7 Stealth
 + Level 2.4 Spellcasting
 + Level 1.8 Conjurations
 * Level 3.8 Air Magic


You had 5 spell levels left.
You knew the following spells:

 Your Spells              Type           Power        Failure   Level  Hunger
a - Shock                 Conj/Air       ##..         6%          1    #......

Your spell library contained the following spells:

 Spells                   Type           Power        Failure   Level  Hunger
 Swiftness                Chrm/Air       #.......     14%         2    ###....
 Static Discharge         Conj/Air       ##......     19%         3    ###....
 Airstrike                Air            ##........   38%         4    #####..
 Lightning Bolt           Conj/Air       ##........   86%         5    ######.


Dungeon Overview and Level Annotations

Branches:
Dungeon (2/15)

Altars:
Okawaru


Innate Abilities, Weirdness & Mutations

Your plain brown scales are hard. (AC +5)
You cannot fit into any form of body armour.
You are cold-blooded and may be slowed by cold attacks.


Message History

A gnoll comes into view.
You barely miss the jackal.
The jackal is moderately wounded.
The jackal bites you but does no damage.
The gnoll shouts!
A gnoll comes into view. It is wielding a +0 whip.
The jackal bites you but does no damage.
Found 9 gold pieces.
You see here a rat corpse.
A frilled lizard, a quokka and a gnoll come into view.
The frilled lizard hisses angrily.
The gnoll hits you with a +0 whip. The gnoll closely misses you.
The gnoll hits you with a +0 whip!
* * * LOW HITPOINT WARNING * * *
The gnoll hits you but does no damage.
The gnoll shouts!
The gnoll misses you. The jackal closely misses you.
The gnoll barely misses you. The jackal bites you.
You die...

########## #.
#.<......# #.
#######...#.### #.
............... #.
.######..##.### #.
#..##.... #.
#.......#
###.#########?.......
#...@h.ggo.†o..#.♣.♣.
####.g.og#####.......
......##..# .♣.♣.♣?
########.r..# ...._..
......# .♣h♣.♣.
.....#.# .......
...$..#....# ♣r♣$
.......# ...o ..
#........ ..


You could see 3 gnolls, 2 orcs, a quokka, a jackal and a goblin.

Vanquished Creatures
  A dart slug (D:1)
  A leopard gecko (D:1)
  An orc (D:2)
  3 bats (D:1)
  3 goblins (D:1)
  6 hobgoblins (D:1)
  10 jackals
  3 frilled lizards (D:1)
  4 kobolds (D:1)
  A rat (D:2)
33 creatures vanquished.

Notes
Turn   | Place    | Note
-------+----------+-------------------------------------------
     0 | D:1      | kae the Draconian Air Elementalist began the quest for the
                  | Orb.
     0 | D:1      | Reached XP level 1. HP: 14/14 MP: 3/3
    75 | D:1      | Reached XP level 2. HP: 17/20 MP: 0/5
   569 | D:1      | Reached XP level 3. HP: 23/26 MP: 1/6
   997 | D:2      | Found an iron altar of Okawaru.
  1036 | D:2      | Slain by a jackal

Levels and vault maps discovered:
D:1:      lemuel_arrival_cross, layout_loops_ring
D:2:      layout_rooms, marbit_many_paths, okawaru_trees_1,
          minmay_misc_feat_alley, uniq_robin, uniq_terence

Action                   || total
-------------------------++-------
Melee: Unarmed           ||    22
       Tailslap          ||    12
       Dagger            ||    91
 Cast: Shock             ||    31
  Use: Scroll            ||     1
       Potion            ||     1
Armor: Skin              ||    50
Dodge: Dodged            ||    97

Table legend:
 A = Non-vault XP
 B = Vault XP
 C = Vault XP percentage of total XP
 D = Non-vault monster count
 E = Vault monster count
 F = Vault count percentage of total count
                 A         B        C        D         E       F
            +---------+---------+-------+---------+---------+-------
      Total |      63 |       0 |   0.0 |      33 |       0 |   0.0
            +---------+---------+-------+---------+---------+-------
        D:1 |      57 |       0 |   0.0 |      30 |       0 |   0.0
        D:2 |       6 |       0 |   0.0 |       3 |       0 |   0.0
            +---------+---------+-------+---------+---------+-------
